 Dungeon Crawl Stone Soup version 0.18.1-50-g88ac8fd (webtiles) character file.

512 Inchmeat the Conjurer (level 6, -2/46 HPs)
             Began as a Demigod Conjurer on Oct 17, 2016.
             Slain by an ice beast (7 damage)
             ... on level 5 of the Dungeon.
             The game lasted 00:16:06 (6265 turns).

Inchmeat the Conjurer (Demigod Conjurer)            Turns: 6265, Time: 00:16:07

Health: -2/46      AC:  2    Str: 11    XL:     6   Next: 66%
Magic:  3/12       EV: 12    Int: 21    God:
Gold:   155        SH:  0    Dex: 18    Spells: 3 memorised, 3 levels left

rFire  . . .     SeeInvis .     u - +2 dagger (speed)
rCold  . . .     Gourm    .     a - +0 robe
rNeg   . . .     Faith    .     (no shield)
rPois  .         Spirit   .     (no helmet)
rElec  .         Dismiss  .     (no cloak)
rCorr  +         Reflect  .     (no gloves)
SustAt +         Harm     .     (no boots)
MR     .....                    (no amulet)
Stlth  ++........               (no ring)
                                o - ring of resist corrosion

@: not resistant to hostile enchantments, unstealthy
A: high mp 1, sustain attributes
a: no special abilities


You were on level 5 of the Dungeon.
You were hungry.

You visited 1 branch of the dungeon, and saw 5 of its levels.

You collected 227 gold pieces.
You spent 72 gold pieces at shops.

Inventory:

Hand Weapons
 d - a +0 dagger
 s - a +4 great sword
 u - a +2 dagger of speed (weapon)
Armour
 a - a +0 robe (worn)
Jewellery
 o - a ring of resist corrosion (left hand)
Wands
 t - a wand of teleportation (4/9)
Scrolls
 e - 5 scrolls of identify
 h - a scroll of remove curse
 i - 2 scrolls of teleportation {unknown}
 k - 3 scrolls of recharging {unknown}
 m - 2 scrolls of random uselessness {unknown}
 p - a scroll of enchant weapon {unknown}
 q - a scroll of noise {unknown}
 w - a scroll of fog {unknown}
Potions
 f - a potion of resistance {unknown}
 g - 2 potions of cure mutation {unknown}
 l - a potion of lignification {unknown}
 n - 2 potions of haste {unknown}
 r - a potion of flight
 B - a potion of heal wounds {unknown}
Books
 b - a book of Conjurations

   Spells                             Type                      Level
   a - Magic Dart                     Conjuration                  1
   b - Searing Ray                    Conjuration                  2
   c - Dazzling Spray                 Conjuration/Hexes            3
   d - Fulminant Prism                Conjuration/Hexes            4
   e - Iskenderun's Mystic Blast      Conjuration                  4
   f - Iskenderun's Battlesphere      Conjuration/Charms           5
Comestibles
 c - 3 bread rations
 j - 3 meat rations
 v - a beef jerky
 z - 3 fruits


   Skills:
 - Level 0.3 Fighting
 * Level 0.5 Short Blades
 - Level 1.7 Dodging
 - Level 1.7 Stealth
 * Level 2.5 Spellcasting
 * Level 7.3 Conjurations


You had 3 spell levels left.
You knew the following spells:

 Your Spells              Type           Power        Failure   Level  Hunger
a - Magic Dart            Conj           ####         1%          1    None
b - Searing Ray           Conj           ####..       1%          2    ##.....
c - Iskenderun's Mystic   Conj           ####....     10%         4    ####...


Dungeon Overview and Level Annotations

Branches:
Dungeon (5/15)
 Temple: D:4-7

Shops:
D:4 !

Annotations:
D:4 urga's ghost, amateur DrMo


Innate Abilities, Weirdness & Mutations

You have an increased reservoir of magic (+10% MP).
Your attributes are resistant to harm.


Message History

Drink which item? (? for menu, Esc to quit)
You feel better. The ice beast hits you. The ice beast freezes you!
* * * LOW HITPOINT WARNING * * *
All of the chunks of flesh in your inventory have rotted away.
Read which item? (? for menu, Esc to quit)
Okay, then.
Casting: Searing Ray
Confirm with . or Enter, or press ? or * to list all spells.
Aiming: Searing Ray
Press: ? - help, Shift-Dir - straight line, f/p - ice beast
Aim: an ice beast (severely wounded)
The searing ray hits the ice beast.
The ice beast is severely wounded.
The ice beast closely misses you.
The searing ray hits the ice beast.
The ice beast is severely wounded.
The ice beast hits you.
* * * LOW HITPOINT WARNING * * *
The ice beast freezes you!
You die...

.# ##### #..# ## ##.##
#..# ######.##
###....#..####
........#....###
..........#....####
.........Y####....####
.........@#
####.>..####
#........## ####....##
#### ##....##.#
###.... ...##
##.###..# ####. ....##
# #..# ## .....## #.##
(.....# #.# ......#
##.# ......# #..#


You could see an ice beast.

Vanquished Creatures
  A scorpion (D:5)
  A howler monkey (D:4)
  A centaur skeleton (D:4)
  4 orc priests
  4 orc wizards
  An iguana (D:3)
  A worker ant zombie (D:5)
  4 adders
  2 oozes
  3 worms
  A dart slug (D:2)
  9 orcs
  5 giant cockroaches
  8 goblins
  9 hobgoblins
  3 quokkas
  2 ball pythons
  9 bats
  2 giant newts
  7 kobolds
  9 rats
86 creatures vanquished.

Notes
Turn   | Place    | Note
--------------------------------------------------------------
     0 | D:1      | Inchmeat the Demigod Conjurer began the quest for the Orb.
     0 | D:1      | Reached XP level 1. HP: 14/14 MP: 5/5
   340 | D:1      | Reached skill level 4 in Conjurations
   471 | D:1      | Reached XP level 2. HP: 20/20 MP: 5/7
  1130 | D:1      | Learned a level 2 spell: Searing Ray
  1281 | D:2      | Found a faded altar to an unknown god.
  1362 | D:2      | Reached XP level 3. HP: 26/26 MP: 0/8
  2375 | D:2      | Reached skill level 5 in Conjurations
  2962 | D:3      | Reached XP level 4. HP: 33/33 MP: 6/9
  3060 | D:3      | Found an oddly glowing altar of Pakellas.
  3150 | D:3      | Found a snail-covered altar of Cheibriados.
  4160 | D:4      | Found a shadowy altar of Dithmenos.
  4161 | D:4      | Noticed urga's ghost (amateur DrMo)
  4185 | D:5      | Entered Level 5 of the Dungeon
  4299 | D:4      | Reached skill level 6 in Conjurations
  4299 | D:4      | Reached XP level 5. HP: 38/38 MP: 7/10
  4307 | D:4      | Found Bewekk's Distillery.
  4310 | D:4      | Bought 2 potions of curing for 72 gold pieces
  4919 | D:3      | Reached XP level 6. HP: 26/46 MP: 5/11
  5076 | D:4      | Learned a level 4 spell: Iskenderun's Mystic Blast
  5225 | D:4      | Reached skill level 7 in Conjurations
  5426 | D:4      | Found an opulent altar of Gozag.
  5742 | D:4      | Found a sparkling altar of Nemelex Xobeh.
  5743 | D:4      | Found an opulent altar of Gozag.
  6265 | D:5      | Slain by an ice beast

Skill      XL: |  1  2  3  4  5  6 |
---------------+-------------------+-----
Conjurations   | 4 5 6 7 |  7.3
Spellcasting   | 2 |  2.5
Fighting       | |  0.3
Short Blades   | |  0.5
Dodging        | |  1.7
Stealth        | |  1.7

Action                   |  1- 3 |  4- 6 || total
-------------------------+-------+-------++-------
Melee: Dagger            |     6 |    25 ||    31
 Cast: Magic Dart        |   123 |    82 ||   205
       Searing Ray       |     1 |    13 ||    14
  Use: Scroll            |       |     2 ||     2
       Potion            |       |     2 ||     2
 Stab: Sleeping          |     1 |       ||     1
  Eat: Chunk             |     8 |     9 ||    17
       Royal jelly       |       |     1 ||     1
Armor: Robe              |     6 |     8 ||    14
Dodge: Dodged            |    21 |    31 ||    52
